 Dungeon Crawl Stone Soup version 0.30.1-11-g7821555f0a (webtiles) character file.

Game seed: 9695065371334854661

2538 RancidPinata the Fighter (level 9, 0/60 HPs)
             Began as a Gargoyle Gladiator on Dec 15, 2023.
             Killed from afar by an acid dragon (21 damage)
             ... with a splash of acid
             ... on level 8 of the Dungeon.
             The game lasted 00:34:33 (8521 turns).

RancidPinata the Fighter (Gargoyle Gladiator)       Turns: 8521, Time: 00:34:33

Health: 0/60       AC: 16    Str: 19    XL:     9   Next: 55%
Magic:  9/9        EV:  8    Int: 18    God:
Gold:   391        SH:  0    Dex: 11    Spells: 8/8 levels left

rFire   + . .        a - +0 flail
rCold   . . .        (no shield)
rNeg    + . .        L - +1 chain mail of Wustad {rF+ Will++}
rPois   ∞            O - +2 hat
rElec   +            r - +0 cloak
rCorr   .            (no gloves)
SInv    .            (no boots)
Will    ++...        (no amulet) Stlth
                     I - +6 ring of intelligence
HPRegen 0.30/turn    (no ring)
MPRegen 0.11/turn

%: no passive effects
@: corroded
A: sickness immunity, AC +6, negative energy resistance 1, electricity
resistance, torment resistance 1, petrification resistance
a: no special abilities


You were on level 8 of the Dungeon.
You visited 2 branches of the dungeon, and saw 9 of its levels.
You also visited: Sewer and Ossuary.

You collected 391 gold pieces.

Inventory:

Hand Weapons
 a - a +0 flail (weapon)
Missiles
 d - 2 throwing nets (quivered)
 e - a javelin
 h - 82 stones
 q - 14 poisoned darts
Armour
 r - a +0 cloak (worn)
 L - the +1 chain mail of Wustad (worn) {rF+ Will++}
   (You found it on level 6 of the Dungeon)

   rF:        It protects you from fire.
   Will:      It greatly increases your willpower.
 O - a +2 hat (worn)
Jewellery
 p - the ring of Anarchy {rPois rC++ Int-4 Dex+2}
   (You found it on level 3 of the Dungeon)

   [ring of poison resistance]

   Int:       It affects your intelligence (-4).
   Dex:       It affects your dexterity (+2).
   rC:        It greatly protects you from cold.
   rPois:     It protects you from poison.
 F - a ring of magical power
 I - a +6 ring of intelligence (left hand)
Wands
 l - a wand of digging (6)
Scrolls
 b - 6 scrolls of teleportation
 c - a scroll of brand weapon {unknown}
 f - 3 scrolls of fear
 m - a scroll of blinking {unknown}
 s - 2 scrolls of fog
 y - 3 scrolls of poison
 B - 5 scrolls of vulnerability
 E - a scroll of amnesia {unknown}
 G - 2 scrolls of enchant weapon
 H - a scroll of butterflies {unknown}
 J - 3 scrolls of immolation
 M - a scroll of enchant armour {unknown}
 N - a scroll of torment {unknown}
Potions
 g - 3 potions of heal wounds {unknown}
 i - 3 potions of degeneration
 j - 2 potions of flight {unknown}
 n - 6 potions of might
 o - 6 potions of curing
 t - 2 potions of resistance
 u - a potion of mutation {unknown}
 w - 2 potions of brilliance {unknown}
 x - 3 potions of haste
 z - a potion of ambrosia {unknown}
 A - a potion of invisibility {unknown}
 C - 2 potions of cancellation
 D - 2 potions of attraction {unknown}
 K - a potion of experience {unknown}


   Skills:
 * Level 9.0 Fighting
 + Level 6.4 Maces & Flails
 + Level 5.3 Throwing
 + Level 6.0 Armour
 - Level 2.4 Dodging


You had 8 spell levels left.
You didn't know any spells.
Your spell library contained the following spells:

 Spells                   Type           Power      Damage    Failure   Level
 Magic Dart               Conj           0%         1d3       85%         1
 Call Imp                 Summ           0%         N/A       94%         2
 Wereblood                Tmut           0%         N/A       94%         2
 Mephitic Cloud           Conj/Pois/Air  0%         N/A       99%         3
 Summon Hydra             Summ           0%         N/A       100%        7
 Sublimation of Blood     Necr           Unusable   N/A       N/A         2

Dungeon Overview and Level Annotations

Branches:
Dungeon (8/15)             Temple (1/1) D:6           Sewer (visited)
Ossuary (visited)
   Lair: D:8-11

Altars:
Ashenzari
Cheibriados
Elyvilon
Kikubaaqudgha
Makhleb
Nemelex Xobeh
Qazlal
Sif Muna
Trog
Uskayaw
Vehumet
Xom
Yredelemnul
Zin
The Shining One

Shops:
D:3 [[

Annotations:
D:4 2 transporters
D:6 3 runed translucent doors, ritesign's ghost, novice HuMo


Innate Abilities, Weirdness & Mutations

You are immune to sickness and miasma.
Your stone body is resilient. (AC +6)
You are immune to poison.
You resist negative energy. (rN+)
You are resistant to electric shocks. (rElec)
You are resistant to unholy torment.
You are immune to petrification.


Message History

The shaft crumbles and collapses.
There is a stone staircase leading up here.
You climb upwards.
There is a stone staircase leading down here.
You climb downwards.
There is a stone staircase leading up here.
Found 4 stones.
h - 82 stones (gained 4)
Found a stone staircase leading down.
Found a potion of might.
Found a smoky silvery potion.
n - 6 potions of might (gained 1)
g - 3 smoky silvery potions (gained 1)
An acid dragon comes into view.
The acid dragon spits acid at you. The splash of acid hits you!
The acid corrodes you!
You start resting.
An acid dragon is nearby!
You closely miss the acid dragon. The acid dragon bites you.
The acid dragon claws you but does no damage.
You sock the acid dragon!
The acid dragon is moderately wounded.
The acid dragon bites you but does no damage.
The acid dragon claws you.
You closely miss the acid dragon.
The acid dragon is moderately wounded.
The acid dragon bites you!
The acid dragon claws you but does no damage.
You hit the acid dragon but do no damage.
The acid dragon is moderately wounded.
The acid dragon spits acid at you. The splash of acid hits you!
Throw: 3 throwing nets
Press: ? - help, Q - select action, (/) - cycle Shift-Dir - straight line, f - acid dragon
Aim: an acid dragon (moderately wounded, 63% to hit)
You throw a throwing net.
The throwing net barely misses the acid dragon.
The acid dragon spits acid at you. The splash of acid hits you!!
You die...

#.........
###....... #.......
#### ###.......
#...#####.........
## #...#.........##
#. ####...#.......#
##D##....###.......#
.####..#@.##.#
#....>....
.......D.###.#
#.......#.
.......### #.#
##.######. .......
#.# #.. ....... ...
... ....... #.# ...
....... .# ..##
.(#..#. .###.#.


You could see an acid dragon (catching breath).

Vanquished Creatures
  Pargi (Sewer)
  An ice beast (D:5)
  2 black bears
  A sky beast (D:7)
  2 ogres
  3 centaurs
  2 phantoms
  10 scorpions
  2 jellies (D:6)
  3 hounds
  4 human zombies (Ossuary)
  An orc priest (D:5)
  5 iguanas
  6 scorpion zombies (Ossuary)
  3 sleepcaps (D:6)
  An orc wizard (D:5)
  3 mummies (Ossuary)
  7 adders
  2 shadow imps
  An ufetubus (D:6)
  3 dart slugs
  9 orcs
  9 bats
  16 endoplasms
  4 giant cockroaches
  4 gnoll zombies (Ossuary)
  9 hobgoblins
  4 kobolds
  3 quokkas
  9 ball pythons
  8 frilled lizards
  4 goblins
  A goblin zombie (Ossuary)
  A hobgoblin zombie (Ossuary)
  An orc zombie (Ossuary)
  8 rats
153 creatures vanquished.

Notes
Turn   | Place    | Note
-------+----------+-------------------------------------------
     0 | D:1      | RancidPinata the Gargoyle Gladiator began the quest for the
                  | Orb.
     0 | D:1      | Reached XP level 1. HP: 12/12 MP: 1/1
   178 | D:1      | Reached XP level 2. HP: 17/18 MP: 2/2
   336 | D:2      | Found a faded altar of an unknown god.
   562 | D:2      | Reached skill level 1 in Armour
   574 | D:2      | Reached XP level 3. HP: 20/22 MP: 3/3
   661 | D:2      | Noticed an ogre
   672 | D:2      | Killed an ogre
   673 | D:2      | Reached skill level 3 in Fighting
   673 | D:2      | Reached XP level 4. HP: 29/29 MP: 4/4
   721 | D:3      | Reached XP level 5. HP: 33/33 MP: 5/5
   829 | D:3      | Found Ketamih's Armour Emporium.
   931 | D:3      | Reached skill level 4 in Fighting
   933 | D:3      | Found Qiam's Armour Shop.
  1276 | D:3      | Identified the ring of Anarchy {rPois rC++ Int-4 Dex+2}
  2990 | D:4      | Noticed a black bear
  3125 | D:4      | Reached XP level 6. HP: 39/39 MP: 6/6
  3172 | D:4      | Found a sand-covered staircase.
  3189 | Ossuary  | Entered an ossuary
  3251 | Ossuary  | Reached skill level 5 in Fighting
  3315 | Ossuary  | Reached XP level 7. HP: 31/44 MP: 7/7
  3669 | Ossuary  | Reached skill level 6 in Fighting
  3744 | Ossuary  | Reached XP level 8. HP: 31/52 MP: 8/8
  3944 | Ossuary  | Reached skill level 5 in Maces & Flails
  4288 | D:4      | Found a transporter.
  4341 | D:4      | Found a transporter.
  4432 | D:4      | Reached skill level 7 in Fighting
  4584 | D:5      | Entered Level 5 of the Dungeon
  4626 | D:5      | Found a glowing drain.
  4631 | Sewer    | Entered a sewer
  4693 | Sewer    | Noticed Pargi
  4707 | Sewer    | Killed Pargi
  5251 | D:5      | Reached skill level 5 in Armour
  5455 | D:5      | Reached skill level 8 in Fighting
  5455 | D:5      | Reached XP level 9. HP: 50/59 MP: 9/9
  5752 | D:6      | Found a staircase to the Ecumenical Temple.
  5877 | D:6      | Identified the +1 chain mail of Wustad {rF+ Will++}
  5903 | Temple   | Entered the Ecumenical Temple
  6213 | D:6      | Reached skill level 5 in Throwing
  6352 | D:6      | Noticed a two-headed ogre
  6353 | D:6      | Noticed ritesign's ghost (novice HuMo)
  6355 | D:6      | Found a runed translucent gate.
  6355 | D:6      | Noticed a deep elf pyromancer
  6356 | D:6      | Found a runed translucent gate.
  6356 | D:6      | Found a runed translucent gate.
  7271 | D:7      | Found a burning altar of Makhleb.
  7274 | D:7      | Found a glowing silver altar of Zin.
  7275 | D:7      | Noticed an angel
  7275 | D:7      | Noticed an Executioner
  7818 | D:7      | Reached skill level 9 in Fighting
  8521 | D:8      | Killed from afar by an acid dragon

Illustrated notes

Levels and vault maps discovered:
D:1:      dpeg_arrival_rooms_c, layout_basic
D:2:      layout_basic, hellmonk_ecumenical_altar_inner_sanctum,
          minmay_misc_feat_more_columns
D:3:      layout_basic, serial_shops, nicolae_shop_waterfront, shop,
          lightli_corner_chamber
D:4:      gammafunk_cloud_chamber, layout_rooms, chequers_ossuary_entry_cave
D:5:      layout_loops_cross, portal_sewer_entry_e
D:6:      layout_loops_ring, minmay_temple_entry_mini_moons,
          gammafunk_ghost_split, hellmonk_no_cap
D:7:      layout_layer_cave, grunt_temple_overflow_order_and_chaos_2
D:8:      layout_rooms, erik_lair_dragon, uniq_erica, uniq_grum
Temple:   compressed_dpeg_triangle_lava_temple

Skill      XL: |  1  2  3  4  5  6  7  8  9 |
---------------+----------------------------+-----
Throwing       | 2 3 4 5 |  5.3
Armour         | 1 2 3 4 5 6 |  6.0
Fighting       | 3 4 5 6 8 9 |  9.0
Maces & Flails | 4 5 6 |  6.4
Dodging        | |  2.4

Action                     |  1- 3 |  4- 6 |  7- 9 || total
---------------------------+-------+-------+-------++-------
  Melee: Flail             |    46 |   210 |   483 ||   739
         Punch             |       |     4 |    11 ||    15
  Throw: Throwing net      |     1 |       |     3 ||     4
         Dart              |       |       |     3 ||     3
         Javelin           |       |       |     1 ||     1
    Use: Scroll            |       |       |    12 ||    12
   Stab: Held in net/web   |     1 |       |       ||     1
 Armour: Leather armour    |    16 |     4 |       ||    20
         Ring mail         |       |    93 |   192 ||   285
         Chain mail        |       |       |    96 ||    96
  Dodge: Dodged            |    34 |   132 |   274 ||   440
